 Dungeon Crawl Stone Soup version 0.18-a0-1523-gbe15c29 (webtiles) character file.

167 4thArraOfDagon the Cudgeler (level 5, 0/53 HPs)
             Began as an Ogre Hunter on Mar 7, 2016.
             Slain by a centaur
             ... wielding a +0 long sword
              (7 damage)
             ... on level 5 of the Dungeon.
             The game lasted 00:05:27 (969 turns).

4thArraOfDagon the Cudgeler (Ogre Hunter)            Turns: 969, Time: 00:05:27

Health: 0/53       AC:  3    Str: 17    XL:     5   Next: 48%
Magic:  5/5        EV: 10    Int: 11    God:
Gold:   25         SH:  0    Dex: 10    Spells: 0 memorised, 4 levels left

rFire  . . .     SeeInvis .     e - +0 flail
rCold  . . .     Gourm    .     b - +0 robe
rNeg   . . .     Faith    .     (no shield)
rPois  .         Spirit   .     (helmet restricted)
rElec  .         Dismiss  .     (no cloak)
rCorr  .         Reflect  .     (gloves unavailable)
SustAt .         Harm     .     (boots unavailable)
MR     .....                    (no amulet)
Stlth  +.........               (no ring)
                                (no ring)

@: not resistant to hostile enchantments, very unstealthy
A: unfitting armour, tough skin 1
a: no special abilities


You were on level 5 of the Dungeon.
You were hungry.

You visited 1 branch of the dungeon, and saw 6 of its levels.

You collected 25 gold pieces.

Inventory:

Hand Weapons
 a - a +0 short sword
 e - a +0 flail (weapon)
 h - a +0 club
 i - a +2 dagger of draining
Missiles
 c - 3 large rocks (quivered)
Armour
 b - a +0 robe (worn)
Scrolls
 d - a scroll of immolation {unknown}
 l - 2 scrolls of amnesia
Comestibles
 f - a bread ration
 g - 5 fruits
 k - 2 chunks of flesh


   Skills:
 - Level 3.1 Fighting
 * Level 6.0 Maces & Flails
 - Level 4.0 Throwing
 - Level 2.2 Dodging
 - Level 0.7 Stealth


You had 4 spell levels left.
You didn't know any spells.

Dungeon Overview and Level Annotations

Branches:
Dungeon (6/15)
 Temple: D:4-7

Altars:
Qazlal

Annotations:
D:5 Dowan


Innate Abilities, Weirdness & Mutations

You are too large for most types of armour.
You have tough skin (AC +1).


Message History

You aren't carrying any potions.
Unknown command.
Read which item? (? for menu, Esc to quit)
Okay, then.
Throwing (i - inventory):
c - 5 large rocks (quivered)
Press: ? - help, Shift-Dir - straight line, f - centaur
Aim: a centaur, wielding a long sword You throw a large rock.
The large rock hits the centaur!
The centaur is moderately wounded.
The centaur barely misses you.
Throwing (i - inventory):
c - 4 large rocks (quivered)
Press: ? - help, Shift-Dir - straight line, f/p - centaur
Aim: a centaur, wielding a long sword (moderately wounded)
You throw a large rock.
The large rock closely misses the centaur.
The centaur hits you with an uncursed long sword.
* * * LOW HITPOINT WARNING * * *
The phantom blinks!
The centaur hits you with an uncursed long sword!
You die...

#.#....####.#.# #
#.............. #
###....#### ..# #
#.ยง........ #
#.#...##### #
#.#...# # #.#...#
#.#...# #.# #@#...#
.. ###c#...####
##.## #...'...c..#
....# #...#...##.#
#..#
#...#...##.#.####..#
#...#...##.#........
#...######.# #####..
#...# #.# #.. #...#
#.# #..


You could see a centaur.

Vanquished Creatures
  A crimson imp (D:5)
  A centaur skeleton (D:6)
  An iguana (D:6)
  A worker ant (D:6)
  A howler monkey skeleton (D:5)
  An adder (D:2)
  An ooze (D:3)
  A dart slug (D:1)
  A giant gecko (D:6)
  An orc (D:5)
  4 hobgoblins
  2 jackals (D:3)
  A quokka (D:5)
  2 bats
  2 giant newts (D:1)
  6 goblins (D:1)
27 creatures vanquished.

Notes
Turn   | Place    | Note
--------------------------------------------------------------
     0 | D:1      | 4thArraOfDagon the Ogre Hunter began the quest for the Orb.
     0 | D:1      | Reached XP level 1. HP: 22/22 MP: 1/1
   117 | D:1      | Reached XP level 2. HP: 12/31 MP: 2/2
   235 | D:1      | Reached skill level 1 in Maces & Flails
   255 | D:2      | Found a faded altar to an unknown god.
   298 | D:2      | Reached skill level 2 in Maces & Flails
   298 | D:2      | Reached XP level 3. HP: 11/37 MP: 3/3
   450 | D:5      | Entered Level 5 of the Dungeon
   450 | D:5      | Noticed a centaur
   471 | D:5      | Noticed a phantom
   501 | D:5      | timbw: aww
   502 | D:5      | timbw: its been patched already
   546 | D:5      | Found a stormy altar of Qazlal.
   594 | D:5      | Reached skill level 3 in Maces & Flails
   610 | D:5      | Noticed Dowan
   741 | D:6      | Reached skill level 4 in Maces & Flails
   741 | D:6      | Reached XP level 4. HP: 24/45 MP: 4/4
   794 | D:6      | Reached skill level 5 in Maces & Flails
   794 | D:6      | Reached XP level 5. HP: 35/53 MP: 5/5
   811 | D:6      | Noticed a centaur
   815 | D:6      | HP: 1/53 [centaur/arrow (9)]
   891 | D:5      | Reached skill level 6 in Maces & Flails
   969 | D:5      | Slain by a centaur

Vault maps used:
D:1:      dpeg_arrival_concentric_ovals, roderic_greek_sauvastika
D:2:      grunt_temple_overflow_octagram, first_bread, ecumenical_altar_1
D:3:      lemuel_statue_altar
D:4:      kennysheep_big_flooded_room, kennysheep_boxes
D:5:      kennysheep_mini, minmay_temple_entry_nine_rooms, uniq_blork_the_orc,
          uniq_duvessa

Skill      XL: |  1  2  3  4  5 |
---------------+----------------+-----
Dodging        | 2 |  2.2
Fighting       | 3 |  3.1
Maces & Flails | 2 4 5 6 |  6.0
Throwing       | |  4.0
Stealth        | |  0.7

Action                   |  1- 3 |  4- 6 || total
-------------------------+-------+-------++-------
Melee: Short sword       |    30 |       ||    30
       Dagger            |    89 |     5 ||    94
Throw: Large rock        |    12 |    12 ||    24
       Throwing net      |     3 |       ||     3
  Use: Scroll            |     5 |       ||     5
       Potion            |     2 |     2 ||     4
